 Dungeon Crawl Stone Soup version 0.31.0-11-ge490571c62 (webtiles) character file.

Game seed: 3288961173925888984

2185 Flugkiller the Fighter (level 9, -2/82 HPs)
             Began as a Minotaur Fighter on Jan 29, 2024.
             Was a Believer of Okawaru.
             Slain by an iguana (4 damage)
             ... on level 6 of the Dungeon.
             The game lasted 00:02:50 (5743 turns).

Flugkiller the Fighter (Minotaur Fighter)           Turns: 5743, Time: 00:02:50

Health: -2/82      AC:  9    Str: 25      XL:     9   Next: 11%
Magic:  9/9        EV:  9    Int:  5      God:    Okawaru [**....]
Gold:   306        SH:  5    Dex:  8 (10) Spells: 8/8 levels left

rFire   . . .        a - +0 war axe
rCold   . . .        c - +0 buckler
rNeg    . . .        b - +0 scale mail
rPois   .            (helmet restricted)
rElec   .            s - scarf {harm}
rCorr   .            (no gloves)
SInv    .            f - +0 pair of boots
Will    .....        (no amulet) Stlth
                     (no ring)
HPRegen 0.33/turn    (no ring)
MPRegen 0.11/turn

%: harm (+30% outgoing, +20% incoming)
@: no status effects
A: horns 2, retaliatory headbutt, deterioration 2, subdued magic 1
a: Renounce Religion, Heroism


You were on level 6 of the Dungeon.
You worshipped Okawaru.
Okawaru was pleased with you.
You visited 1 branch of the dungeon, and saw 6 of its levels.

You collected 306 gold pieces.

Inventory:

Hand Weapons
 a - a +0 war axe (weapon)
Armour
 b - a +0 scale mail (worn)
 c - a +0 buckler (worn)
 f - a +0 pair of boots (worn)
   (You found it on level 4 of the Dungeon)
 s - a scarf of harm (worn)
   (You found it on level 5 of the Dungeon)
Jewellery
 j - a ring of fire
   (You found it on level 5 of the Dungeon)
Scrolls
 e - 5 scrolls of revelation
 i - a scroll of fog {unknown}
 k - a scroll of vulnerability
 o - a scroll of noise
 t - 3 scrolls of teleportation
 u - 2 scrolls of amnesia
Potions
 d - a potion of might
 g - 2 potions of degeneration
 h - a potion of cancellation
 l - a potion of attraction


   Skills:
 * Level 8.9 Fighting
 * Level 8.5 Axes
 + Level 6.7 Armour
 + Level 6.7 Shields
 + Level 2.5 Invocations


You had 8 spell levels left.
You didn't know any spells.
Your spell library contained the following spells:

 Spells                   Type           Power      Damage    Failure   Level
 Shock                    Conj/Air       0%         1d3       77%         1
 Swiftness                Air            0%         N/A       98%         3
 Airstrike                Air            0%         2d(0-16)  100%        4


Dungeon Overview and Level Annotations

Branches:
Dungeon (6/15)             Temple (0/1) D:5

Altars:
Ashenzari
Okawaru
Xom
The Shining One

Shops:
D:1 :   D:3 (   D:4 :


Innate Abilities, Weirdness & Mutations

You have a pair of horns on your head.
You reflexively headbutt those who attack you in melee.
Your body often deteriorates upon taking damage.
Your spells are a little easier to cast, but a little less powerful.


Message History

The water moccasin poisons you! The bullfrog misses you.
The jelly hits you but does no damage.
There are monsters nearby!
You hit the jelly.
Your hands burn!
The jelly is moderately wounded.
You miss the water moccasin. You slash the bullfrog!
You feel very sick. You block the bullfrog's attack.
The water moccasin bites you but does no damage.
The jelly hits you but does no damage.
You closely miss the bullfrog. Your headbutt misses the bullfrog.
The bullfrog is severely wounded.
You slash the jelly!
You kill the jelly!
Okawaru accepts your kill.
You slash the water moccasin! You hit the ogre but do no damage.
You feel very sick. The bullfrog hits you.
You block the water moccasin's attack. The bullfrog barely misses you.
The ogre hits you but does no damage. The water moccasin closely misses you.
You feel very sick. The iguana closely misses you.
You block the bullfrog's attack.
You feel sick. The ogre attacks as it pursues you! You block the ogre's attack.
You aren't carrying any items that you can evoke.
Unknown command.
You barely miss the ogre.
You feel sick. The ogre closely misses you. You furiously retaliate!
You headbutt the ogre! You barely miss the ogre. Your headbutt misses the ogre.
The ogre is heavily wounded.
You feel sick. The ogre closely misses you.
You barely miss the ogre.
The ogre is heavily wounded.
You feel sick.
You slash the ogre! Your headbutt misses the ogre.
The ogre is severely wounded.
You feel sick.
The ogre hits you with a +0 giant spiked club!!
Your body deteriorates!
You feel dopey.
You slash the ogre!
You kill the ogre!
Okawaru accepts your kill.
You feel sick.
The bullfrog hits you but does no damage.
You have reached level 9!
Your experience leads to an increase in your attributes!
Your base attributes are Str 23, Int 5, Dex 10.
Increase (s)trength, (i)ntelligence, or (d)exterity?
You feel stronger. x2
You are too injured to fight recklessly!
You slash the bullfrog!
You kill the bullfrog!
Okawaru accepts your kill.
You feel sick.
You are no longer poisoned.
The water moccasin bites you but does no damage.
You feel your strength returning.
You are too injured to fight recklessly!
You closely miss the water moccasin.
The water moccasin is moderately wounded.
The water moccasin completely misses you.
You furiously retaliate!
You headbutt the water moccasin!
You are too injured to fight recklessly!
You slash the water moccasin!
The water moccasin is almost dead.
The water moccasin bites you.
* * * LOW HITPOINT WARNING * * *
You are poisoned.
The water moccasin poisons you!
The water moccasin bites you but does no damage.
You are too injured to fight recklessly!
You closely miss the water moccasin.
Your headbutt misses the water moccasin.
The water moccasin is almost dead.
You feel very sick.
The iguana hisses menacingly.
You block the water moccasin's attack.
You are too injured to fight recklessly!
You miss the water moccasin. You headbutt the water moccasin.
You kill the water moccasin!
Okawaru accepts your kill.
You feel sick. The iguana closely misses you.
You feel your intelligence returning.
You are too injured to fight recklessly!
You feel better. The iguana barely misses you.
You hit the iguana.
The iguana is moderately wounded.
The iguana bites you!
* * * LOW HITPOINT WARNING * * *
Your body deteriorates!
You feel clumsy.
You are too injured to fight recklessly!
You barely miss the iguana. Your headbutt misses the iguana.
The iguana is moderately wounded.
The iguana bites you!
* * * LOW HITPOINT WARNING * * *
Your body deteriorates!
You feel clumsy.
You are too injured to fight recklessly!
You barely miss the iguana. Your headbutt misses the iguana.
The iguana is moderately wounded.
The iguana bites you.
You die...

#...# ########.########.###.
#...# #...............#.# #.
#...# #.####.....####.#.# #.
....# #.# ##...## (#.#.# #.
#)..## #.# ##.## ..#.#.# #.
#....# #.## #.# ..##.#.# ##
#....# #..## +#.#'.##..#.#
#....# ##...###...###...#.#
####.######.....@ls8.........#
#...........###...###.....#
#####.###..## +#.#'.##..#.#
##.###.## #.# ..##.#.#
#.....)# ##.## ..#.#.#
###.##...# ##...## )#.#.#
#.......)####.....####.#.#
#.#.#..................#.#
#.#.###......#..###### #.#


You could see a scorpion and an iguana.

Vanquished Creatures
  Grinder (D:5)
  Eustachio (D:5)
  Edmund (D:5)
  2 water moccasins (D:6)
  Duvessa (D:6)
  2 black bears
  3 ogres
  A kobold brigand (D:6)
  3 scorpions
  A bullfrog (D:6)
  Dowan (D:6)
  2 gnoll boudas
  An orc priest (D:3)
  A bombardier beetle (D:5)
  3 hounds
  2 jellies (D:6)
  2 orc wizards (D:5)
  2 iguanas
  8 gnolls
  6 adders
  A white imp (D:5)
  4 ufetubi (D:6)
  5 dart slugs
  10 orcs
  4 bats
  5 endoplasms
  3 giant cockroaches
  9 goblins
  9 hobgoblins
  6 jackals
  2 quokkas
  12 ball pythons
  4 frilled lizards
  9 kobolds
  A rat (D:3)
128 creatures vanquished.

Vanquished Creatures (others)
  A kobold brigand (D:4)
  A dart slug (D:4)
  3 quokkas (D:4)
  A ball python (D:4)
6 creatures vanquished.

Grand Total: 134 creatures vanquished

Notes
Turn   | Place    | Note
-------+----------+-------------------------------------------
     0 | D:1      | Flugkiller the Minotaur Fighter began the quest for the
                  | Orb.
     0 | D:1      | Reached XP level 1. HP: 19/19 MP: 0/0
   192 | D:1      | Found Kayjixun's Vocational Training.
   220 | D:1      | Reached XP level 2. HP: 26/27 MP: 1/1
   978 | D:2      | Reached XP level 3. HP: 33/33 MP: 2/2
  1242 | D:2      | Found a faded altar of an unknown god.
  1533 | D:3      | Found Bitsudumn's Weapon Emporium.
  1660 | D:3      | Reached XP level 4. HP: 18/41 MP: 3/3
  2315 | D:4      | Noticed a scorpion
  2320 | D:4      | Killed a scorpion
  2321 | D:4      | Reached skill level 5 in Fighting
  2321 | D:4      | Reached XP level 5. HP: 38/48 MP: 4/4
  2420 | D:4      | Found Neun Zom's Tremendous Tomes.
  2469 | D:4      | Found a broken altar of Ashenzari.
  2678 | D:4      | Noticed a black bear
  2689 | D:4      | Killed a black bear
  2690 | D:4      | Reached XP level 6. HP: 33/57 MP: 5/5
  2764 | D:4      | Found a shimmering altar of Xom.
  2768 | D:4      | Reached skill level 5 in Axes
  3329 | D:5      | Entered Level 5 of the Dungeon
  3487 | D:5      | Reached skill level 5 in Shields
  3590 | D:5      | Reached skill level 5 in Armour
  3594 | D:5      | Reached XP level 7. HP: 51/63 MP: 6/6
  3860 | D:5      | Noticed Grinder
  3868 | D:5      | Killed Grinder
  4159 | D:5      | Found a glowing golden altar of the Shining One.
  4166 | D:5      | Found an iron altar of Okawaru.
  4219 | D:5      | Became a worshipper of Warmaster Okawaru
  4411 | D:5      | Reached XP level 8. HP: 73/73 MP: 7/7
  4490 | D:5      | Noticed Eustachio
  4498 | D:5      | Killed Eustachio
  4520 | D:5      | Noticed Edmund
  4529 | D:5      | Killed Edmund
  4530 | D:5      | Reached skill level 1 in Invocations
  4642 | D:5      | Found a staircase to the Ecumenical Temple.
  4909 | D:6      | Noticed Dowan
  4910 | D:6      | Noticed Duvessa
  4921 | D:6      | Gained mutation: Your body sometimes deteriorates upon
                  | taking damage. [potion of mutation]
  4921 | D:6      | Gained mutation: Your body often deteriorates upon taking
                  | damage. [potion of mutation]
  4921 | D:6      | Gained mutation: Your spells are a little easier to cast,
                  | but a little less powerful. [potion of mutation]
  5092 | D:6      | Reached * piety under Okawaru
  5115 | D:6      | Killed Duvessa
  5119 | D:6      | Killed Dowan
  5734 | D:6      | Reached ** piety under Okawaru
  5735 | D:6      | Reached XP level 9. HP: 25/82 MP: 9/9
  5742 | D:6      | HP: 2/82 [iguana (13)]
  5743 | D:6      | Slain by an iguana

Illustrated notes

Levels and vault maps discovered:
D:1:      scummos_arrival_star, layout_basic, nicolae_shop_vocational
D:2:      layout_rooms, nicolae_ecumenical_snake_handling
D:3:      layout_rooms, serial_shops, nicolae_shop_crystal,
          amcnicky_mini_rare_corridor_liquid, serial_bayou_crossing
D:4:      layout_basic, mainiacjoe_overflow_chevrons, xom_confusion_cloud,
          nicolae_shop_i_like_big_books, grunt_ministairs_7, feat_on_display
D:5:      layout_loops_cross, mainiacjoe_overflow_big_doors, temple_green,
          ebering_dispersal_statue_hall, uniq_edmund, uniq_eustachio,
          uniq_grinder
D:6:      cheibrodos_barr_body, layout_basic, uniq_duvessa

Skill      XL: |  1  2  3  4  5  6  7  8 |
---------------+-------------------------+-----
Fighting       | 4 5 6 7 8 |  8.9
Axes           | 3 4 5 6 8 |  8.5
Shields        | 4 5 6 |  6.7
Armour         | 4 5 6 |  6.7
Invocations    | 2 |  2.5

Action                     |  1- 3 |  4- 6 |  7- 9 || total
---------------------------+-------+-------+-------++-------
  Melee: War axe           |    66 |    99 |   115 ||   280
         Headbutt          |     7 |     8 |    20 ||    35
    Use: Potion            |       |       |     8 ||     8
         Scroll            |       |       |     7 ||     7
 Armour: Scale mail        |    51 |    81 |   108 ||   240
  Dodge: Dodged            |    31 |    45 |    57 ||   133
  Block: Buckler           |    12 |    33 |    24 ||    69
